AoeStats
← 台北順起來

Arena

511037649Analyzed
3v3 RM · 6h ago on Oct 3, 2026· 45m 8s· 6 players
Game mode
Random Map
Map size
Normal (6 player)
Population
200
Speed
Normal
Resources
Standard
Victory
Conquest
Starting age
Dark Age
Ending age
Imperial Age
RankedLock teamsTeams togetherTeam positionsShared explorationLock speedFull tech treeHidden civsTurbo modeCheats
Victory
Defeat
🇭🇰 Malay · Hong Kong SAR China
1128
+14
🇯🇵 Japanese · Japan
1122
+14
🇰🇷 Japanese · South Korea
1107
+15
🇹🇼 Persians · Taiwan
1101
-15
🇹🇼 Saxons · Taiwan
1095
-14
🇹🇼 Varangians · Taiwan
1068
-14
XI JINPING
12:04 Feudal Age
16:07 Castle Age
14:26 Double-Bit Axe
14:23 Horse Collar
15:14 Scale Mail Armor
15:57 Gold Mining
17:08 Squires
20:49 Arson
20:43 Man-at-Arms
20:57 Pikeman
23:53 Wheelbarrow
24:19 Forging
26:54 Hand Cart
29:43 Imperial Age
30:24 Iron Casting
30:03 Capped Ram
31:00 Padded Archer Armor
33:17 Heavy Plow
34:39 Bow Saw
34:59 Scale Barding Armor
35:11 Chain Mail Armor
36:36 Two-Man Saw
36:26 Leather Archer Armor
36:25 Stone Mining
37:11 Gold Shaft Mining
37:04 Gambesons
38:19 Elite Samurai
40:19 Conscription
40:35 Plate Mail Armor
41:06 Blast Furnace
42:00 Parthian Tactics
41:54 Loom
41:54 Town Watch
43:12 Town Patrol
43:23 Fletching
44:04 Ring Archer Armor
44:10 Ballistics
44:50 Chemistry
kaaaboooom
11:37 Feudal Age
16:25 Castle Age
23:02 Double-Bit Axe
27:27 Scale Barding Armor
28:09 Husbandry
28:49 Horse Collar
29:53 Wheelbarrow
32:16 Forging
33:37 Iron Casting
37:24 Imperial Age
38:03 Blast Furnace
36:25 Elite Battle Elephant
38:28 Conscription
38:14 Man-at-Arms
38:55 Squires
45:21 Hand Cart
only vills
10:03 Feudal Age
10:22 Loom
14:20 Castle Age
12:57 Fletching
15:12 Bodkin Arrow
15:52 Treadmill Crane
17:16 Guard Tower
20:22 Yasama
22:58 Ballistics
23:23 Gold Mining
36:16 Imperial Age
37:04 Bracer
Player Disconnected.
0:39 Loom
9:56 Feudal Age
14:15 Castle Age
17:49 Double-Bit Axe
17:45 Horse Collar
33:18 Imperial Age
32:20 Squires
sky2551230
7:12 Loom
10:17 Feudal Age
14:02 Castle Age
13:47 Double-Bit Axe
15:14 Scale Barding Armor
19:00 Wheelbarrow
18:08 Horse Collar
21:09 Stone Mining
28:31 Fletching
31:02 Bodkin Arrow
34:55 Husbandry
台北順起來
7:00 Loom
9:44 Feudal Age
11:18 Man-at-Arms
12:08 Double-Bit Axe
13:49 Fletching
15:21 Horse Collar
23:15 Castle Age
21:51 Gold Mining
22:32 Stone Mining
24:19 Bow Saw
24:11 Heavy Plow
28:16 Wheelbarrow
28:49 Gold Shaft Mining
35:31 Imperial Age
34:02 Hand Cart
34:40 Town Watch
35:34 Ballistics
36:16 Town Patrol
36:30 Bloodlines
36:20 Husbandry
36:59 Conscription
37:46 Two-Man Saw
37:26 Crop Rotation
37:12 Arson
37:28 Squires
37:13 Gambesons
38:00 Scale Mail Armor
38:11 Forging
37:35 Pikeman
39:38 Chemistry
39:55 Elite Varangian Guard
Connection lost

Rejoining the realm…

Still unreachable

The connection could not be restored.

Session expired

The server has moved on; the page needs a fresh start.